 Dungeon Crawl Stone Soup version 0.21-a0-531-gacddea6 (webtiles) character file.

148 Amnesiac the Vexing (level 5, -1/29 HPs)
             Began as a Deep Elf Arcane Marksman on Dec 12, 2017.
             Killed by nerve-wracking pain
             ... invoked by Grinder
              (14 damage)
             ... on level 4 of the Dungeon.
             The game lasted 00:07:45 (3980 turns).

Amnesiac the Vexing (Deep Elf Arcane Marksman)      Turns: 3980, Time: 00:07:45

Health: -1/29      AC:  7    Str:  8    XL:     5   Next: 8%
Magic:  19/20      EV: 10    Int: 18    God:
Gold:   217        SH: 12    Dex: 15    Spells: 2/9 levels left

rFire    . . .     SeeInvis .   b - +2 short sword (venom)
rCold    . . .     Gourm    .   v - +2 shield
rNeg     . . .     Faith    .   e - +0 robe
rPois    .         Spirit   .   B - +2 helmet
rElec    .         Reflect  .   (no cloak)
rCorr    .         Harm     .   (no gloves)
MR       .....                  (no boots)
Stlth    +.........             (no amulet)
HPRegen  0.09/turn              A - ring of magical power
MPRegen  0.17/turn              (no ring)

@: no status effects
A: large bone plates 1, molten scales 1
a: no special abilities


You were on level 4 of the Dungeon.
You were not hungry.

You visited 1 branch of the dungeon, and saw 4 of its levels.

You collected 217 gold pieces.

Inventory:

Hand Weapons
 a - a +0 hunting sling
 b - a +2 short sword of venom (weapon)
 p - a +0 dagger of speed
 u - a +0 shortbow
 G - a +0 broad axe
Missiles
 d - 30 arrows
 h - 34 stones
 l - 16 poisoned needles
 m - 6 tomahawks (quivered)
 t - 2 throwing nets
 y - 7 needles of sleeping
Armour
 e - a +0 robe (worn)
 q - a +2 buckler
 v - a +2 shield (worn)
 B - a +2 helmet (worn)
Jewellery
 z - an uncursed ring of fire
 A - a ring of magical power (left hand)
Wands
 H - a wand of acid (8)
Scrolls
 g - 4 scrolls of remove curse {!r, unknown}
 i - 2 scrolls of enchant weapon {!r, unknown}
 k - a scroll of immolation {!r, unknown}
 n - 2 scrolls of teleportation {!r, unknown}
 o - a scroll of enchant armour {!r, unknown}
 r - 2 scrolls of blinking {!r, unknown}
 x - a scroll of random uselessness {!r, unknown}
 D - 2 scrolls of identify {!r}
Potions
 j - 2 potions of flight {!q}
 w - a potion of resistance {!q, unknown}
 C - a potion of curing {!q, unknown}
 I - a potion of brilliance {!q, unknown}
Books
 c - a book of Debilitation

   Spells                             Type                      Level
   a - Corona                         Hexes                        1
   b - Slow                           Hexes                        2
   c - Inner Flame                    Hexes/Fire                   3
   d - Portal Projectile              Hexes/Translocation          3
   e - Cause Fear                     Hexes                        4
   f - Leda's Liquefaction            Hexes/Earth                  4
Comestibles
 f - 4 bread rations
 s - 2 meat rations
 E - 4 chunks of flesh
 F - 2 fruits


   Skills:
 + Level 1.4 Fighting
 * Level 3.8 Bows
 + Level 3.2 Dodging
 + Level 2.7 Spellcasting
 * Level 5.3 Hexes


You had 2 spell levels left.
You knew the following spells:

 Your Spells              Type           Power        Failure   Level  Hunger
a - Corona                Hex            ###....      13%         1    #......
b - Cause Fear            Hex            ###.......   78%         4    #####..
e - Slow                  Hex            ###.....     21%         2    ##.....


Dungeon Overview and Level Annotations

Branches:
Dungeon (4/15)
 Temple: D:4-7

Altars:
Yredelemnul

Annotations:
D:4 Grinder


Innate Abilities, Weirdness & Mutations

You are partially covered in large bone plates. (SH +4)
You are partially covered in molten scales. (AC +2)


Message History

You barely miss the orc. The orc hits you. The orc hits you but does no damage.
You closely miss the orc. You block the orc's attack.
You closely miss the orc. You block the orc's attack.
You hit the orc.
The orc is poisoned.
The orc is almost dead.
You block the orc's attack.
You barely miss the orc.
The orc is almost dead.
You kill the orc!
Things that are here:
a leather armour; an orc corpse You butcher the orc corpse.
E - 5 chunks of flesh (gained 4)
You see here a leather armour.
There isn't anything to butcher here.
I - a green potion {!q}
Found 12 gold pieces.
Found a basalt altar of Yredelemnul.
Grinder comes into view.
Grinder shouts!
Grinder gestures at you.
You suddenly lose the ability to move!
Grinder blinks!
You can move again.
Unknown command.
Evoke which item? (* to show all) (? for menu, Esc to quit)
Aiming: Corrosive Bolt
Press: ? - help, Shift-Dir - straight line, f - Grinder
Aim: Grinder The bolt of acid hits Grinder.
Grinder is splashed with acid.
Grinder is severely wounded.
Some of the chunks of flesh in your inventory have rotted away.
Unknown command.
Casting: Corona
Confirm with . or Enter, or press ? or * to list all spells.
Aiming: Slow
Press: ? - help, Shift-Dir - straight line, f/p - Grinder
Aim: Grinder (severely wounded, chance to defeat MR: 60%) Grinder seems to slow down.
You closely miss Grinder.
Grinder is heavily wounded.
Grinder gestures at you. Pain shoots through your body!
You completely miss Grinder.
Grinder is heavily wounded.
You hit Grinder.
Grinder is severely wounded.
Grinder says, "Are you a fish?" Grinder hits you.
You writhe in agony.
* * * LOW HITPOINT WARNING * * *
You hit Grinder but do no damage.
Grinder is severely wounded.
You block Grinder's attack.
Your shield prevents you from hitting Grinder.
Grinder is severely wounded.
Grinder barely misses you.
You closely miss Grinder.
Grinder is severely wounded.
You hit Grinder.
Grinder is severely wounded.
Grinder says, "You look like you could use a good racking."
Grinder gestures at you. Pain shoots through your body!
You die...

######.........#
## ##...##.#.# ..
#...##.#####.#.###
######...........
#........####.###
#........##.....#
#........#.......
#......#.#.......
####.###.@..._...
. #. #.#5...... .#
#. #..#....... .#
#. #..##.....# .#
...# ##.### .#
##.$. ... #... ###
###


You could see Grinder.

Vanquished Creatures
  A bullfrog skeleton (D:4)
  An adder (D:2)
  3 gnolls (D:3)
  An ooze (D:4)
  A worm (D:3)
  A dart slug (D:2)
  7 orcs
  3 bats
  3 giant cockroaches
  10 hobgoblins
  2 jackals (D:1)
  2 quokkas
  A ball python (D:3)
  4 frilled lizards
  8 goblins
  A jackal skeleton (D:4)
  8 kobolds
  6 rats
63 creatures vanquished.

Notes
Turn   | Place    | Note
-------+----------+-------------------------------------------
     0 | D:1      | Amnesiac the Deep Elf Arcane Marksman began the quest for the Orb.
     0 | D:1      | Reached XP level 1. HP: 11/11 MP: 5/5
   583 | D:1      | Reached XP level 2. HP: 7/16 MP: 2/6
   587 | D:1      | Learned a level 2 spell: Slow
   849 | D:1      | Reached skill level 1 in Fighting
  1301 | D:1      | Gained mutation: You are partially covered in molten scales. (AC +2) [potion of mutation]
  1301 | D:1      | Gained mutation: You are partially covered in large bone plates. (SH +4) [potion of mutation]
  1354 | D:2      | Reached XP level 3. HP: 9/20 MP: 4/8
  2747 | D:3      | Reached XP level 4. HP: 12/25 MP: 8/9
  2864 | D:3      | Reached skill level 5 in Hexes
  3709 | D:4      | Learned a level 4 spell: Cause Fear
  3731 | D:4      | Reached XP level 5. HP: 25/29 MP: 10/10
  3965 | D:4      | Found a basalt altar of Yredelemnul.
  3966 | D:4      | Noticed Grinder
  3966 | D:4      | Paralysed by Grinder for 6 turns
  3980 | D:4      | Killed from afar by Grinder

Vault maps used:
D:1:      minmay_arrival_widening_spiral_narrow, minmay_pentomino_x4
D:4:      old_standard_altar, chequers_temple_overflow_minitemple, first_bread,
          uniq_grinder, uniq_duvessa

Skill      XL: |  1  2  3  4 |
---------------+-------------+-----
Fighting       | 1 |  1.4
Spellcasting   | 2 |  2.7
Bows           | 3 |  3.8
Dodging        | 3 |  3.2
Hexes          | 5 |  5.3

Action                   |  1- 3 |  4- 6 || total
-------------------------+-------+-------++-------
Melee: Unarmed           |    17 |       ||    17
       Dagger            |    41 |       ||    41
       Hand axe          |    21 |       ||    21
       Short sword       |       |    49 ||    49
 Fire: Shortbow          |    47 |       ||    47
       Hunting sling     |    24 |    15 ||    39
Throw: Tomahawk          |    44 |    23 ||    67
       Stone             |       |     1 ||     1
 Cast: Corona            |    61 |     7 ||    68
       Slow              |     3 |     8 ||    11
Evoke: Wand              |       |     1 ||     1
  Use: Scroll            |     3 |       ||     3
       Potion            |     1 |       ||     1
 Stab: Sleeping          |       |     1 ||     1
  Eat: Chunk             |     6 |     3 ||     9
       Meat ration       |     1 |       ||     1
       Royal jelly       |     1 |       ||     1
Armor: Robe              |    18 |    10 ||    28
Dodge: Dodged            |    49 |    12 ||    61
Block: Buckler           |     6 |       ||     6
       Shield            |    43 |    27 ||    70

Table legend:
 A = Spawn XP
 B = Non-spawn XP
 C = Spawn XP percentage of total XP
 D = Spawn monster count
 E = Non-spawn monster count
 F = Spawn count percentage of total count
 G = Total turns spent on level
                    A         B        C        D         E        F      G
               +---------+---------+-------+---------+---------+-------+---------
         Total |       0 |     212 |   0.0 |       0 |      63 |   0.0 |  3980
               +---------+---------+-------+---------+---------+-------+---------
           D:1 |       0 |      40 |   0.0 |       0 |      24 |   0.0 |  1303
           D:2 |       0 |      36 |   0.0 |       0 |      13 |   0.0 |  1154
           D:3 |       0 |      81 |   0.0 |       0 |      20 |   0.0 |  1246
           D:4 |       0 |      55 |   0.0 |       0 |       6 |   0.0 |   277
               +---------+---------+-------+---------+---------+-------+---------
